 Dungeon Crawl Stone Soup version 0.29-a0-834-g1e95ca9f62 (webtiles) character file.

Game seed: 717994292723327452

39 coolguy69 the Cutter (level 3, 0/18 (20) HPs)
             Began as a Vine Stalker Berserker on July 12, 2022.
             Was a Follower of Trog.
             Slain by Terence
             ... wielding the +7 Throatcutter {drain, coup de grace}
              (8 damage)
             ... on level 2 of the Dungeon.
             The game lasted 00:00:49 (2030 turns).

coolguy69 the Cutter (Vine Stalker Berserker)       Turns: 2030, Time: 00:00:50

HP:   0/18 (20)     AC:  5    Str: 21    XL:     3   Next: 45%
MP:   0/4           EV: 11    Int:  7    God:    Trog [*.....]
Gold: 87            SH:  0    Dex: 13    Spells: 2/2 levels left

rFire   . . .      SeeInvis .   a - +0 short sword
rCold   . . .      Faith    .   (no shield)
rNeg    . . .      Spirit   +   c - +0 ring mail
rPois   .          Reflect  .   (no helmet)
rElec   .          Harm     .   (no cloak)
rCorr   .          Rampage  .   (no gloves)
Will    .....                   (no boots)
Stlth   +.........              (no amulet)
HPRegen 0.06/turn               (no ring)
MPRegen 0.09/turn               (no ring)

@: heavily drained
A: fangs 2, magic shield, antimagic bite, no potion heal 2
a: Renounce Religion, Berserk


You were on level 2 of the Dungeon.
You worshipped Trog.
Trog was aware of your devotion.
You visited 1 branch of the dungeon, and saw 2 of its levels.

You collected 87 gold pieces.

Inventory:

Hand Weapons
 a - a +0 short sword (weapon)
Armour
 c - a +0 ring mail (worn)
Jewellery
 d - an amulet of faith
Scrolls
 b - a scroll of enchant armour {unknown}
 e - a scroll of identify {unknown}
 f - a scroll of enchant weapon {unknown}


   Skills:
 + Level 3.0 Fighting
 + Level 3.3 Short Blades
 + Level 2.0 Armour
 + Level 1.8 Dodging
 + Level 0.2 Stealth


You had 2 spell levels left.
You didn't know any spells.
Your spell library was empty.

Dungeon Overview and Level Annotations

Branches:
Dungeon (2/15)

Altars:

Annotations:
D:2 Terence


Innate Abilities, Weirdness & Mutations

You have extremely sharp teeth.
When hurt, damage is shared between your health and your magic reserves.
Your bite disrupts and absorbs the magic of your enemies.
Potions cannot restore your health.


Message History

Found a stone staircase leading up.
No target in view!
You open the gate.
A giant cockroach comes into view.
You hit the giant cockroach.
The giant cockroach is heavily wounded.
The giant cockroach bites you but does no damage. x2
A giant cockroach is nearby!
You hit the giant cockroach but do no damage.
The giant cockroach is heavily wounded.
The giant cockroach bites you but does no damage.
A giant cockroach is nearby!
You hit the giant cockroach but do no damage.
The giant cockroach is heavily wounded.
The giant cockroach bites you.
A giant cockroach is nearby!
You hit the giant cockroach. You bite the giant cockroach.
You kill the giant cockroach!
Trog accepts your kill.
Magic restored.
There is an open gate here.
You enter the shallow water.
Moving in this stuff is going to be slow.
Terence the Incautious comes into view.
He is wielding the +7 Throatcutter {drain, coup de grace} and carrying a wand of flame (6).
Terence zaps a wand.
The puff of flame hits you.
Terence zaps a wand.
The puff of flame misses you.
A quokka comes into view.
Found a dagger.
Terence is nearby!
Terence hits you with the +7 Throatcutter {drain, coup de grace}!
Ouch! That really hurt!
You feel drained.
Terence is nearby!
You are too injured to fight recklessly!
You are too injured to fight recklessly!
You are too injured to fight recklessly!
You are too injured to fight recklessly!
You fail to use your ability.
Terence hits you with the +7 Throatcutter {drain, coup de grace}!
You die...

.♣ .♣.♣ # .♣)♣.♣ ≈#
.♣r..♣.. ♣≈##
.♣.♣.♣.♣.♣ ♣..' .
.♣.♣.♣.♣.♣.♣ ♣.. '.#
.♣.♣.♣.♣.♣.♣.♣@♣..'.#
≈♣...♣...♣...♣@..♣
≈≈♣.♣.♣.♣.♣.♣.♣.♣≈≈#
#≈≈♣...♣.♣.♣...♣≈≈ #
#≈≈♣.♣.♣.♣.♣.♣≈≈##
#≈≈♣...♣...♣≈≈##
#≈≈♣.♣.♣.♣≈≈##
#≈≈♣...♣≈≈##
#≈≈...≈≈##### #
###'''#####..


You could see Terence.

Vanquished Creatures
  An adder (D:2)
  2 dart slugs (D:1)
  2 bats (D:1)
  An endoplasm (D:1)
  A giant cockroach (D:2)
  3 goblins
  5 hobgoblins (D:1)
  4 kobolds
  2 quokkas (D:2)
  A ball python (D:2)
  2 rats
24 creatures vanquished.

Notes
Turn   | Place    | Note
-------+----------+-------------------------------------------
     0 | D:1      | coolguy69 the Vine Stalker Berserker began the quest for
                  | the Orb.
     0 | D:1      | Reached XP level 1. HP: 11/11 MP: 2/2
   518 | D:1      | Reached XP level 2. HP: 12/16 MP: 3/3
  1658 | D:2      | Reached XP level 3. HP: 19/20 MP: 4/4
  2025 | D:2      | Noticed Terence
  2030 | D:2      | Slain by Terence

Illustrated notes

Levels and vault maps discovered:
D:1:      lightli_arrival_statuegarden, layout_loops_corners
D:2:      layout_loops_ring, chequers_ecumenical_altar_simple_redux,
          grunt_decor_fettered, kennysheep_cluttered_room, uniq_terence

Skill      XL: |  1  2  3 |
---------------+----------+-----
Short Blades   | 3 |  3.3
Fighting       | 3 |  3.0
Armour         | 2 |  2.0
Dodging        | |  1.8
Stealth        | |  0.2

Action                   || total
-------------------------++-------
Melee: Short sword       ||    75
       Bite              ||    23
       Punch             ||     3
Armor: Ring mail         ||    19
Dodge: Dodged            ||    57

Table legend: (Time is in decaauts)
 A = Elapsed time spent in this place.
 B = Non-inter-level travel time spent in this place.
 C = Inter-level travel time spent in this place.
 D = Time resting spent in this place.
 E = Time spent auto-exploring this place.
 F = Levels seen in this place.
 G = Mean time per level.
                   A        B        C        D        E       F      G
               +--------+--------+--------+--------+--------+-----+--------+
         Total |   2025 |   2017 |      8 |     19 |   1823 |   2 | 1012.5 |
       Dungeon |   2025 |   2017 |      8 |     19 |   1823 |   2 | 1012.5 |
               +--------+--------+--------+--------+--------+-----+--------+

Top non-repeatable levels by time:
     D:1: 1635 daAuts
     D:2: 390 daAuts
